 Dungeon Crawl Stone Soup version 0.25.1-2-g60ff931df9 (webtiles) character file.

Game seed: 4798029246573560524

169 funkygono the Shield-Bearer (level 5, -1/46 HPs)
             Began as a Minotaur Fighter on Aug 19, 2020.
             Was an Initiate of the Shining One.
             Slain by a gnoll
             ... wielding a +4 spear
              (8 damage)
             ... on level 3 of the Dungeon.
             The game lasted 00:05:46 (1426 turns).

funkygono the Shield-Bearer (Minotaur Fighter)      Turns: 1426, Time: 00:05:47

Health: -1/46      AC:  9    Str: 21    XL:     5   Next: 25%
Magic:  4/4        EV:  8    Int:  5    God:    the Shining One [......]
Gold:   159        SH: 10    Dex: 10    Spells: 4/4 levels left

rFire    . . .     SeeInvis .   a - +1 flail
rCold    . . .     Gourm    .   c - +1 kite shield
rNeg     . . .     Faith    .   k - +0 scale mail
rPois    .         Spirit   .   (helmet restricted)
rElec    .         Reflect  .   (no cloak)
rCorr    .         Harm     .   (no gloves)
MR       .....                  l - +1 pair of boots
Stlth    ..........             (no amulet)
HPRegen  0.15/turn              (no ring)
MPRegen  0.09/turn              (no ring)

@: mighty, glowing
A: retaliatory headbutt, horns 2
a: Renounce Religion


You were on level 3 of the Dungeon.
You worshipped the Shining One.
The Shining One was noncommittal.
You were not hungry.

You visited 1 branch of the dungeon, and saw 3 of its levels.

You collected 159 gold pieces.

Inventory:

Hand Weapons
 a - a +1 flail (weapon)
 b - a +3 hunting sling
Missiles
 e - 8 sling bullets
 g - 73 stones (quivered)
 i - 14 arrows
Armour
 c - a +1 kite shield (worn)
 k - a +0 scale mail (worn)
 l - a +1 pair of boots (worn)
Scrolls
 j - a scroll of enchant armour
 o - 2 scrolls of amnesia {unknown}
 p - a scroll of identify
 s - a scroll of remove curse
Potions
 m - 2 potions of ambrosia
 n - a potion of berserk rage
 r - a potion of heal wounds {unknown}
Comestibles
 f - 5 rations
 h - 3 chunks of flesh


   Skills:
 + Level 4.3 Fighting
 + Level 3.4 Maces & Flails
 + Level 2.0 Slings
 + Level 4.5 Armour
 + Level 1.2 Dodging
 + Level 4.6 Shields


You had 4 spell levels left.
You didn't know any spells.
Your spell library contained the following spells:

 Spells                   Type           Power        Failure   Level  Hunger
 Animate Skeleton         Necr           N/A          99%         1    ##.....
 Apportation              Tloc           #.....       99%         1    ##.....
 Corona                   Hex            #......      99%         1    ##.....
 Summon Small Mammal      Summ           #...         99%         1    ##.....


Dungeon Overview and Level Annotations

Branches:
Dungeon (3/15)

Altars:
Dithmenos
Gozag
Zin
The Shining One


Innate Abilities, Weirdness & Mutations

You reflexively headbutt those who attack you in melee.
You have a pair of horns on your head.


Message History

You hit the orc. You headbutt the orc.
You kill the orc!
The gnoll hits you from afar with a +0 spear.
You hit the orc priest but do no damage.
Your headbutt misses the orc priest. The orc priest closely misses you.
You furiously retaliate!
You headbutt the orc priest! You block the gnoll's attack.
The gnoll hits you but does no damage.
The orc priest invokes the aid of Beogh against you.
Beogh smites you!
* * * LOW HITPOINT WARNING * * *
You feel very mighty all of a sudden. The gnoll hits you but does no damage.
You block the gnoll's attack.
The orc priest hits you but does no damage.
You bludgeon the orc priest!!
You kill the orc priest!
The Shining One accepts your kill.
Your Slings skill increases to level 2!
The gnoll completely misses you. You block the gnoll's attack.
The gnoll hits you but does no damage. The gnoll hits you with a +4 spear!
You die...

##............# ##..#
##..........)#####...#
###........##.........#
#...........#)..##...#######.
#...........#)#.###..........
............#)#...#.########.
.........÷..#.###g#.##
.............<###g...#######.
...÷............@go(.()...([(
..##......##..#######...####.
..##########..# ###....# ###
#### #...# ...# ..# .# .#


You could see 3 gnolls and an orc.

Vanquished Creatures
  An orc priest (D:3)
  An orc wizard (D:3)
  3 adders
  2 worms
  2 dart slugs (D:1)
  2 leopard geckos (D:1)
  8 orcs (D:3)
  3 ball pythons (D:2)
  8 bats
  6 goblins
  9 hobgoblins
  3 jackals (D:1)
  7 kobolds
  A quokka (D:3)
  8 rats
64 creatures vanquished.

Vanquished Creatures (others)
  A rat (D:1)
1 creature vanquished.

Grand Total: 65 creatures vanquished

Notes
Turn   | Place    | Note
-------+----------+-------------------------------------------
     0 | D:1      | funkygono the Minotaur Fighter began the quest for the Orb.
     0 | D:1      | Reached XP level 1. HP: 19/19 MP: 0/0
    30 | D:1      | You fall into a shaft and drop 1 floor!
    36 | D:2      | Reached XP level 2. HP: 27/27 MP: 1/1
   303 | D:1      | Reached XP level 3. HP: 33/33 MP: 2/2
   382 | D:1      | Found a glowing golden altar of the Shining One.
   698 | D:1      | Became a worshipper of the Shining One
   828 | D:2      | Found an opulent altar of Gozag.
   828 | D:2      | Found a glowing silver altar of Zin.
   829 | D:2      | Found a shadowy altar of Dithmenos.
  1161 | D:3      | Reached XP level 4. HP: 40/40 MP: 3/3
  1171 | D:3      | Reached skill level 1 in Slings
  1171 | D:3      | Reached skill level 1 in Dodging
  1407 | D:3      | Reached XP level 5. HP: 46/46 MP: 4/4
  1426 | D:3      | Slain by a gnoll

Illustrated notes

Levels and vault maps discovered:
D:1:      dpeg_arrival_erosion, layout_basic, tso_metal_star
D:2:      layout_basic, gammafunk_temple_overflow_forgotten
D:3:      layout_rooms, uniq_ijyb

Skill      XL: |  1  2  3  4  5 |
---------------+----------------+-----
Armour         | 4 |  4.5
Shields        | 4 |  4.6
Fighting       | 4 |  4.3
Maces & Flails | 3 |  3.4
Slings         | 1 2 |  2.0
Dodging        | 1 |  1.2

Action                   |  1- 3 |  4- 6 || total
-------------------------+-------+-------++-------
Melee: Flail             |    92 |    17 ||   109
       Headbutt          |    15 |     5 ||    20
 Fire: Hunting sling     |    17 |    23 ||    40
  Use: Scroll            |     9 |       ||     9
       Potion            |       |     1 ||     1
  Eat: Chunk             |     1 |     1 ||     2
Armor: Scale mail        |    56 |    12 ||    68
Dodge: Dodged            |    40 |    11 ||    51
Block: Kite shield       |    64 |    12 ||    76
